 Dungeon Crawl Stone Soup version 0.30.1-11-g7821555f0a (webtiles) character file.

Game seed: 12613525456342672550

22141 SKOLLIE the Severer (level 12, 0/123 HPs)
             Began as a Minotaur Fighter on Jan 7, 2024.
             Was a Believer of the Shining One.
             Slain by a 12-headed hydra (9 damage)
             ... on level 1 of the Swamp.
             The game lasted 01:16:49 (10253 turns).

SKOLLIE the Severer (Minotaur Fighter)             Turns: 10253, Time: 01:16:50

Health: 0/123      AC: 18    Str: 24    XL:     12   Next: 60%
Magic:  11/11      EV:  6    Int: 14    God:    the Shining One [**....]
Gold:   774        SH:  0    Dex: 13    Spells: 11/11 levels left

rFire   . . .        e - +16 consecrated labrys {holy, Valiant Fragile Fly SInv}
rCold   + . .        A - +0 tower shield
rNeg    + . .        v - +0 plate armour
rPois   .            (helmet restricted)
rElec   .            n - +0 cloak
rCorr   .            (no gloves)
SInv    +            r - +0 pair of boots
Will    .....        M - amulet of regeneration Stlth
                     i - ring of protection from cold
HPRegen 1.20/turn    b - +6 ring of intelligence
MPRegen 0.12/turn

%: no passive effects
@: confused, ambrosia-drunk, marked, flying, hasted (expiring), glowing, very
quick
A: horns 2, retaliatory headbutt, talons 1, agile 1, clever 1, robust 1
a: Renounce Religion, Divine Shield


You were on level 1 of the Swamp.
You worshipped the Shining One.
The Shining One was pleased with you.
You visited 4 branches of the dungeon, and saw 13 of its levels.

You collected 774 gold pieces.

Inventory:

Hand Weapons
 e - the +16 consecrated labrys (weapon) {holy, Valiant Fragile Fly SInv}
   (You acquired it on level 3 of the Dungeon)

   Valiant:   It becomes more powerful as more dangerous foes come into view.
   SInv:      It lets you see invisible.
   Fly:       It grants you flight.
   Fragile:   It will be destroyed if unequipped.
 j - a +1 hand axe of flaming
Missiles
 y - 6 silver boomerangs (quivered)
 K - a throwing net
Armour
 c - a +0 buckler
 n - a +0 cloak (worn)
 r - a +0 pair of boots (worn)
 v - a +0 plate armour (worn)
 A - a +0 tower shield (worn)
Jewellery
 b - a +6 ring of intelligence (right hand)
 i - a ring of protection from cold (left hand)
 w - a ring of magical power
 E - a ring of magical power
 F - an amulet of magic regeneration
 M - an amulet of regeneration (around neck)
Wands
 d - a wand of flame (22)
 t - a wand of light (13)
 z - a wand of roots (12)
 D - a wand of paralysis (11)
 G - a wand of digging (3)
 H - a wand of mindburst (5)
Scrolls
 f - 2 scrolls of torment
 k - a scroll of enchant weapon
 l - 3 scrolls of poison
 o - 2 scrolls of fog
 p - 2 scrolls of fear
 q - 2 scrolls of noise
 u - 3 scrolls of magic mapping
 x - a scroll of amnesia
 B - 3 scrolls of teleportation
 O - a scroll of identify
Potions
 g - 2 potions of invisibility
 m - 4 potions of attraction
 C - a potion of cancellation
 I - 3 potions of curing
 L - 3 potions of flight
 N - a potion of magic


   Skills:
 + Level 12.0 Fighting
 * Level 16.0 Axes
 + Level 12.0 Armour
 + Level 12.0 Shields


You had 11 spell levels left.
You didn't know any spells.
Your spell library contained the following spells:

 Spells                   Type           Power      Damage    Failure   Level
 Necrotise                Necr           0%         1d4       100%        1
 Sandblast                Erth           0%         2d4       100%        1
 Blink                    Tloc           0%         N/A       100%        2
 Cigotuvi's Dreadful Rot  Necr/Pois/Air  0%         N/A       100%        2
 Lesser Beckoning         Tloc           0%         N/A       100%        2
 Momentum Strike          Conj/Tloc      0%         3d8       100%        2
 Passwall                 Tmut/Erth      0%         N/A       100%        2
 Static Discharge         Conj/Air       0%         2-2/arc   100%        2
 Sublimation of Blood     Necr           0%         N/A       100%        2
 Wereblood                Tmut           0%         N/A       100%        2
 Frozen Ramparts          Ice            0%         1d1       100%        3
 Ozocubu's Armour         Ice            0%         N/A       100%        3
 Stone Arrow              Conj/Erth      0%         3d7       100%        3
 Vampiric Draining        Necr           0%         2d6       100%        3
 Airstrike                Air            0%         2d(0-16)  100%        4
 Ice Form                 Ice/Tmut       0%         N/A       100%        4
 Petrify                  Tmut/Erth      0%         N/A       100%        4
 Summon Ice Beast         Ice/Summ       0%         N/A       100%        4
 Summon Lightning Spire   Summ/Air       0%         N/A       100%        4
 Agony                    Necr           0%         N/A       100%        5
 Irradiate                Conj/Tmut      0%         3d11      100%        5
 Ozocubu's Refrigeration  Ice            0%         4d7       100%        7
 Summon Hydra             Summ           0%         N/A       100%        7


Dungeon Overview and Level Annotations

Branches:
Dungeon (9/15)             Temple (1/1) D:7            Lair (2/5) D:9
  Swamp (1/4) Lair:2
  Snake: Lair:2-3    Spider: Lair:2-3       Orc: D:9-12

Altars:
Ashenzari
Cheibriados
Dithmenos
Elyvilon
Fedhas
Gozag
Hepliaklqana
Kikubaaqudgha
Makhleb
Nemelex Xobeh
Okawaru
Qazlal
Ru
Sif Muna
Trog
Uskayaw
Vehumet
Wu Jian
Xom
Yredelemnul
Zin
The Shining One

Annotations:
D:9 1 runed translucent door


Innate Abilities, Weirdness & Mutations

You have a pair of horns on your head.
You reflexively headbutt those who attack you in melee.
You have sharp toenails.
You are agile. (Dex +4, Str/Int -1)
Your mind is acute. (Int +4, Str/Dex -1)
You are robust. (+10% HP)


Message History

You block the 11-headed hydra's attack. x2
The 11-headed hydra barely misses you. The 11-headed hydra bites you! x3
* * * LOW HITPOINT WARNING * * *
The 11-headed hydra bites you but does no damage.
You feel much better. You block the spriggan rider's attack.
You slice one of the 11-headed hydra's heads off!
The ten-headed hydra grows two more!
You slice the 12-headed hydra!! You headbutt the 12-headed hydra.
The 12-headed hydra is heavily wounded.
A bloated husk comes into view.
The 12-headed hydra bites you but does no damage.
You block the 12-headed hydra's attack. The 12-headed hydra bites you.
You block the 12-headed hydra's attack.
The 12-headed hydra bites you but does no damage.
The 12-headed hydra bites you!
You block the 12-headed hydra's attack. x3
The 12-headed hydra bites you but does no damage.
The 12-headed hydra bites you. The 12-headed hydra bites you!
* * * LOW HITPOINT WARNING * * *
Okay, then.
You are confused.
You feel invigorated.
The spriggan rider hits you from afar with a +0 spear!
* * * LOW HITPOINT WARNING * * *
The 12-headed hydra bites you but does no damage.
The 12-headed hydra bites you.
* * * LOW HITPOINT WARNING * * *
The 12-headed hydra bites you but does no damage.
The 12-headed hydra bites you.
* * * LOW HITPOINT WARNING * * *
The 12-headed hydra bites you.
* * * LOW HITPOINT WARNING * * *
The 12-headed hydra bites you but does no damage. x2
The 12-headed hydra completely misses you.
The 12-headed hydra bites you.
* * * LOW HITPOINT WARNING * * *
The 12-headed hydra bites you but does no damage.
The 12-headed hydra bites you.
* * * LOW HITPOINT WARNING * * *
The 12-headed hydra bites you!
You die...

♣♣♣♣ ♣..♣ ♣ ♣..♣♣ ♣
♣~..♣ ♣♣♣ ♣♣ ♣~~@♣♣
♣♣.♣♣♣♣ ♣♣♣~
♣.~D.♣♣♣♣.♣~.~♣♣♣.~~
♣~~i~~..~...~~§.....
♣~♣~~.n~♣.).~.~~~..♣
♣.~~♣~....♣♣.~§>~~♣♣
♣§~~~~~>♣♣♣♣♣♣♣~.....
♣...~~~~.♣♣ ♣♣~~†♣~
♣♣.~~...♣♣ ♣~.~§§~
♣♣♣♣..♣♣ ♣~.....


You could see a 12-headed hydra, a spriggan rider and a bloated husk.

Vanquished Creatures
  Mlioglotl (Swamp:1)
  Frances (Swamp:1)
  3 death yaks
  2 alligators
  A boulder beetle (Lair:2)
  Urug (Lair:2)
  A skyshark (Lair:2)
  A goliath frog (Swamp:1)
  Pikel (D:5)
  A bog body (Swamp:1)
  6 cane toads
  The ghost of Name63 the Conjurer, a novice GnCj (D:5)
  2 komodo dragons
  A tyrant leech (Lair:2)
  8 blink frogs
  22 yaks
  A wyvern (Lair:1)
  A basilisk (Lair:1)
  Menkaure (D:6)
  2 steam dragons
  4 swamp worms (Swamp:1)
  The ghost of bimbombam the Conjurer, an amateur OpCj (D:3)
  12 water moccasins
  Duvessa (D:6)
  3 sky beasts
  A swamp drake (Lair:2)
  An ice beast (D:7)
  3 orc warriors
  3 black bears
  4 wolves (Lair:1)
  4 ogres
  3 centaurs
  3 lemures (D:5)
  3 phantoms
  3 kobold brigands
  Blork the orc (D:6)
  3 bullfrogs
  A scorpion (D:6)
  5 wights (D:7)
  Dowan (D:6)
  3 killer bees (D:5)
  5 howler monkeys
  2 hounds
  6 orc priests
  Jessica (D:2)
  A hell rat (D:9)
  8 orc wizards
  7 adders
  A shadow imp (D:6)
  2 white imps
  2 ufetubi
  2 worms
  3 dart slugs
  42 orcs
  7 ball pythons
  3 bats
  4 endoplasms
  3 giant cockroaches
  8 hobgoblins
  2 jackals (D:4)
  29 kobolds
  2 quokkas
  9 frilled lizards
  8 goblins
  8 rats
286 creatures vanquished.

Notes
Turn   | Place    | Note
-------+----------+-------------------------------------------
     0 | D:1      | SKOLLIE the Minotaur Fighter began the quest for the Orb.
     0 | D:1      | Reached XP level 1. HP: 19/19 MP: 0/0
   267 | D:1      | Reached XP level 2. HP: 24/27 MP: 1/1
   356 | D:1      | Reached skill level 3 in Axes
   686 | D:1      | Reached XP level 3. HP: 33/33 MP: 2/2
   861 | D:2      | Noticed Jessica
   872 | D:2      | Killed Jessica
   873 | D:2      | Reached XP level 4. HP: 40/40 MP: 3/3
  1523 | D:3      | Reached skill level 4 in Axes
  1595 | D:3      | Reached XP level 5. HP: 34/47 MP: 4/4
  1751 | D:3      | Found a runed translucent door.
  1754 | D:3      | Noticed bimbombam's ghost (amateur OpCj)
  2130 | D:3      | Killed bimbombam's ghost
  2131 | D:3      | Reached skill level 5 in Axes
  2131 | D:3      | Reached XP level 6. HP: 55/55 MP: 5/5
  2163 | D:3      | Identified a scroll of acquirement
  2163 | D:3      | Acquired the +4 consecrated labrys {holy, Valiant Fragile
                  | Fly SInv}
  2163 | D:3      | Found the +4 consecrated labrys {holy, Valiant Fragile Fly
                  | SInv}
  2171 | D:3      | Gained mutation: You have hidden genetic potential. [potion
                  | of mutation]
  2171 | D:3      | Gained mutation: You are agile. (Dex +4, Str/Int -1)
                  | [potion of mutation]
  2171 | D:3      | Gained mutation: You have sharp toenails. [potion of
                  | mutation]
  2239 | D:4      | Noticed an orc warrior
  2254 | D:4      | Killed an orc warrior
  2255 | D:4      | Reached skill level 5 in Fighting
  2255 | D:4      | Reached skill level 5 in Armour
  2255 | D:4      | Reached skill level 5 in Shields
  2456 | D:4      | Reached skill level 6 in Axes
  2645 | D:4      | Reached XP level 7. HP: 61/61 MP: 6/6
  2672 | D:4      | Gained mutation: You are robust. (+10% HP) [hidden
                  | potential]
  3001 | D:5      | Entered Level 5 of the Dungeon
  3012 | D:5      | Reached skill level 7 in Axes
  3135 | D:5      | Found a runed translucent door.
  3150 | D:5      | Noticed Name63's ghost (novice GnCj)
  3158 | D:5      | Reached XP level 8. HP: 73/77 MP: 7/7
  3168 | D:5      | Killed Name63's ghost
  3169 | D:5      | Reached skill level 8 in Axes
  3192 | D:5      | Gained mutation: Your mind is acute. (Int +4, Str/Dex -1)
                  | [hidden potential]
  3192 | D:5      | Lost mutation: You have hidden genetic potential. [hidden
                  | potential expressed]
  3784 | D:6      | Noticed Pikel
  3834 | D:5      | Killed Pikel
  3835 | D:5      | Reached skill level 9 in Axes
  3835 | D:5      | Reached XP level 9. HP: 67/86 MP: 8/8
  3872 | D:6      | Noticed Blork the orc
  3877 | D:6      | Killed Blork the orc
  4160 | D:6      | Found an ornate altar of the Wu Jian Council.
  4186 | D:6      | Noticed Dowan
  4187 | D:6      | Noticed Duvessa
  4191 | D:6      | Killed Duvessa
  4193 | D:6      | Killed Dowan
  4216 | D:6      | Reached skill level 10 in Axes
  4305 | D:6      | Noticed Menkaure
  4311 | D:6      | Killed Menkaure
  4501 | D:6      | Found a shadowy altar of Dithmenos.
  4501 | D:6      | Found a sparkling altar of Nemelex Xobeh.
  4564 | D:6      | Found a glowing silver altar of Zin.
  4564 | D:6      | Found a white marble altar of Elyvilon.
  4569 | D:6      | Found an iron altar of Okawaru.
  4572 | D:6      | Found a snail-covered altar of Cheibriados.
  4573 | D:6      | Found a broken altar of Ashenzari.
  4659 | D:7      | Found a staircase to the Ecumenical Temple.
  4673 | D:7      | Got The Fundamentals of Sibylline Knowledge
  5052 | D:7      | Reached skill level 11 in Axes
  5331 | Temple   | Entered the Ecumenical Temple
  5428 | Temple   | Became a worshipper of the Shining One
  5503 | D:8      | Reached XP level 10. HP: 99/99 MP: 9/9
  6334 | D:9      | Noticed a death yak
  6338 | D:9      | Reached skill level 12 in Axes
  6340 | D:9      | Noticed a death yak
  6341 | D:9      | Noticed a death yak
  6345 | D:9      | Killed a death yak
  6356 | D:8      | Killed a death yak
  6530 | D:8      | Killed a death yak
  6618 | D:9      | Found a staircase to the Lair.
  7258 | D:9      | Noticed a fire dragon
  7258 | D:9      | Reached * piety under the Shining One
  7258 | D:9      | Noticed a skeletal warrior
  7259 | D:9      | Found a runed translucent door.
  7261 | D:9      | Noticed a boulder beetle
  7261 | D:9      | Noticed a flayed ghost
  7261 | D:9      | Noticed a centaur warrior
  7261 | D:9      | Noticed an eye of devastation
  7328 | D:9      | Noticed an ice dragon
  7393 | Lair:1   | Entered Level 1 of the Lair of Beasts
  7400 | Lair:1   | Reached skill level 13 in Axes
  7400 | Lair:1   | Reached XP level 11. HP: 103/108 MP: 10/10
  7648 | Lair:1   | Reached skill level 10 in Fighting
  7648 | Lair:1   | Reached skill level 10 in Armour
  7648 | Lair:1   | Reached skill level 10 in Shields
  8149 | Lair:1   | Reached skill level 14 in Axes
  8840 | Lair:2   | Lair:2
  8867 | Lair:2   | Found a staircase to the Swamp.
  8958 | Lair:2   | Noticed a skyshark
  8963 | Lair:2   | Killed a skyshark
  9147 | Lair:2   | Noticed a boulder beetle
  9164 | Lair:2   | Killed a boulder beetle
  9337 | Lair:2   | Reached XP level 12. HP: 112/121 MP: 11/11
  9575 | Lair:2   | Noticed Urug
  9585 | Lair:2   | Reached skill level 15 in Axes
  9591 | Lair:2   | Killed Urug
  9924 | Swamp:1  | Entered Level 1 of the Swamp
  9924 | Swamp:1  | Reached ** piety under the Shining One
  9924 | Swamp:1  | Noticed an alligator
  9939 | Lair:2   | Killed an alligator
 10026 | Swamp:1  | Noticed an alligator
 10032 | Swamp:1  | Killed an alligator
 10095 | Swamp:1  | Noticed Mlioglotl
 10104 | Swamp:1  | Killed Mlioglotl
 10200 | Swamp:1  | Noticed Frances
 10219 | Swamp:1  | Killed Frances
 10220 | Swamp:1  | Reached skill level 16 in Axes
 10235 | Swamp:1  | Noticed a four-headed hydra
 10245 | Swamp:1  | Noticed an alligator
 10253 | Swamp:1  | Slain by a 12-headed hydra

Illustrated notes

.#..#..........#
...#.........### .
.............## ..
#.......P.##..# ...
#...#.#.###.. ....
####......## #.# .....
###.#........###..
#.....#............P##..
#.†@...#.#.......#.#
#....###...##.#...####
#..#.# ##P........# ##
## ###.####..# ### ###


Turn 8840 on Lair:2: Lair:2

Levels and vault maps discovered:
D:1:      spicycebolla_arrival_risky_transporter, layout_loops_ring
D:2:      layout_basic, uniq_jessica
D:3:      layout_rooms, gammafunk_ghost_grave
D:4:      layout_loops_cross, chequers_serial_rivers_small_b, minmay_ruptured
D:5:      layout_loops_ring, ebering_ghost_sewer_d, minmay_misc_feat_x,
          kennysheep_generic_room_12
D:6:      layout_rooms, nzn_wu_jian_council_hall,
          gammafunk_temple_overflow_wave, chequers_temple_overflow_minitemple,
          uniq_pikel, uniq_duvessa, uniq_menkaure, uniq_blork_the_orc
D:7:      layout_basic, minmay_temple_entry_sparse_star
D:8:      layout_basic
D:9:      minmay_gate_of_8, layout_small_grid, dpeg_lair_monsters,
          serial_rivers, chequers_serial_rivers_large_a,
          chequers_serial_rivers_micro_a, chequers_serial_rivers_marsh,
          chequers_serial_rivers_micro_a
Temple:   nicolae_temple_great_sept
Lair:1:   wad_woods_structure_01, layout_regular_city,
          nicolae_volcano_entry_s_turn, chequers_serial_rivers_room_b
Lair:2:   layout_layer_cave, minmay_swamp_entry_reptiles, ldierk_geyser,
          chequers_serial_rivers_micro_c, infiniplex_staircase_pool_2,
          grunt_megastairs_2, lemuel_fruit_tree, uniq_urug
Swamp:1:  layout_falls_marsh, basic_altar, uniq_nikola, uniq_frances,
          uniq_mlioglotl

Skill      XL: |  1  2  3  4  5  6  7  8  9 10 11 12 |
---------------+-------------------------------------+-----
Axes           | 3 4 5 6 7 9 11 13 14 16 | 16.0
Armour         | 4 5 6 7 8 9 11 12 | 12.0
Shields        | 4 5 6 7 8 9 11 12 | 12.0
Fighting       | 4 5 6 7 8 9 11 12 | 12.0

Action                     |  1- 3 |  4- 6 |  7- 9 | 10-12 || total
---------------------------+-------+-------+-------+-------++-------
  Melee: War axe           |    23 |       |       |       ||    23
         Headbutt          |     6 |    14 |    22 |    77 ||   119
         Hand axe          |    50 |    83 |       |       ||   133
         Labrys            |       |    25 |   160 |   270 ||   455
  Evoke: Wand              |       |       |       |     1 ||     1
    Use: Scroll            |       |     9 |     6 |     7 ||    22
         Potion            |       |     5 |     2 |     6 ||    13
 Armour: Scale mail        |    37 |    10 |       |       ||    47
         Chain mail        |       |    48 |    27 |       ||    75
         Plate armour      |       |       |    94 |    99 ||   193
  Dodge: Dodged            |    26 |    35 |    52 |    40 ||   153
  Block: Buckler           |    18 |    18 |    40 |       ||    76
         Tower shield      |       |       |     8 |   224 ||   232
